 Dungeon Crawl Stone Soup version 0.19-a0-1899-g2d93087 (webtiles) character file.

368 KarmaPolice the Vandal (level 7, -7/46 HPs)
             Began as a Halfling Hunter on Oct 19, 2016.
             Killed by divine providence
             ... invoked by an orc priest
              (14 damage)
             ... on level 4 of the Dungeon.
             The game lasted 00:12:48 (6022 turns).

KarmaPolice the Vandal (Halfling Hunter)            Turns: 6022, Time: 00:12:49

Health: -7/46      AC:  3    Str: 13    XL:     7   Next: 1%
Magic:  7/7        EV: 14    Int:  9    God:
Gold:   214        SH:  0    Dex: 17    Spells: 0 memorised, 6 levels left

rFire  . . .     SeeInvis .     a - +1 hunting sling
rCold  . . .     Gourm    .     c - +0 leather armour
rNeg   . . .     Faith    .     (shield restricted)
rPois  .         Spirit   .     (no helmet)
rElec  .         Reflect  .     (no cloak)
rCorr  .         Harm     .     (no gloves)
MR     .....                    (no boots)
Stlth  ++........               (no amulet)
                                (no ring)
                                (no ring)

@: no status effects
A: mutation resistance 1
a: no special abilities


You were on level 4 of the Dungeon.
You were not hungry.

You visited 1 branch of the dungeon, and saw 4 of its levels.

You collected 214 gold pieces.

Inventory:

Hand Weapons
 a - a +1 hunting sling (weapon)
 b - a +0 short sword
 e - a +1 vampiric dagger
 q - a +0 blowgun
Missiles
 d - 11 sling bullets (quivered)
 i - 99 stones
 t - 26 poisoned needles
Armour
 c - a +0 leather armour (worn)
 r - a +1 ring mail of fire resistance
 u - a +2 ring mail of magic resistance
 y - a cursed +0 shield
Jewellery
 j - an uncursed ring of positive energy {unknown}
 n - an uncursed ring of protection from fire {unknown}
Scrolls
 g - a scroll of teleportation {unknown}
 l - a scroll of fear {unknown}
 o - 4 scrolls of identify {unknown}
 p - a scroll of fog {unknown}
 v - 2 scrolls of noise {unknown}
 x - 2 scrolls of amnesia {unknown}
 A - a scroll of recharging {unknown}
Potions
 h - 2 potions of lignification
 k - 2 potions of haste {unknown}
 m - a potion of degeneration {unknown}
 w - a potion of invisibility
Comestibles
 f - 2 bread rations
 s - a beef jerky
 z - 3 chunks of flesh
 B - a meat ration


   Skills:
 + Level 3.5 Fighting
 + Level 4.0 Short Blades
 + Level 7.4 Slings
 - Level 2.1 Dodging
 + Level 3.5 Stealth


You had 6 spell levels left.
You didn't know any spells.

Dungeon Overview and Level Annotations

Branches:
Dungeon (4/15)
 Temple: D:4-7

Altars:
Fedhas
Gozag
Yredelemnul


Innate Abilities, Weirdness & Mutations

You are small and have problems with some larger weapons.
You are somewhat resistant to further mutation.


Message History

The orc priest miscasts a cantrip.
Firing (i - inventory. (,) - cycle):
d - 12 sling bullets (quivered)
Press: ? - help, Shift-Dir - straight line, f/p - orc priest
Aim: an orc priest, wielding a falchion (almost dead)
You shoot a sling bullet. The sling bullet barely misses the orc.
The sling bullet hits the orc priest.
You kill the orc priest!
Your Short Blades skill increases to level 4!
You have reached level 7!
The orc priest invokes the aid of Beogh against you.
Beogh smites you!
The orc priest invokes the aid of Beogh against you.
Beogh smites you!
* * * LOW HITPOINT WARNING * * *
You see here a dagger.
The orc wizard casts a spell.
The orc wizard seems to speed up.
The orc priest calls down the wrath of Beogh upon you.
Beogh smites you!
You die...

#........# #........# .#
#........# #.# #........#
#%# #####........# #.##
#............# ##
$......###........#
.#..####.######..........#
.......#.####...@.<......#
... #...#....#.#.รท......#
....###...o...#o#........#
..............).#........#
(((.(....o.....##.........
....####.#................
... #.........####.#### #.
###....##.# .. . #...###.#
...


You could see an orc priest and an orc.

Vanquished Creatures
  A hound (D:4)
  An orc priest (D:4)
  Terence (D:3)
  2 orc wizards (D:3)
  7 adders
  6 gnolls
  An adder zombie (D:1)
  4 worms
  4 leopard geckos
  5 orcs
  A ball python (D:3)
  8 giant cockroaches
  7 hobgoblins
  2 jackals (D:2)
  10 kobolds
  2 quokkas
  5 bats
  9 frilled lizards
  10 goblins
  A jackal zombie (D:1)
  8 rats
95 creatures vanquished.

Notes
Turn   | Place    | Note
-------+----------+-------------------------------------------
     0 | D:1      | KarmaPolice the Halfling Hunter began the quest for the Orb.
     0 | D:1      | Reached XP level 1. HP: 14/14 MP: 1/1
   214 | D:1      | Reached XP level 2. HP: 11/19 MP: 2/2
   397 | D:1      | Reached skill level 1 in Short Blades
   524 | D:1      | Reached skill level 6 in Slings
   730 | D:1      | Reached XP level 3. HP: 13/24 MP: 3/3
  1926 | D:2      | Found a blossoming altar of Fedhas.
  1988 | D:2      | Reached XP level 4. HP: 29/29 MP: 4/4
  2538 | D:2      | Reached XP level 5. HP: 17/35 MP: 5/5
  3199 | D:3      | Noticed Terence
  3346 | D:3      | Found a basalt altar of Yredelemnul.
  4295 | D:3      | Killed Terence
  4295 | D:3      | Reached skill level 7 in Slings
  4503 | D:3      | Reached XP level 6. HP: 33/42 MP: 6/6
  5453 | D:3      | Found an opulent altar of Gozag.
  6012 | D:4      | Reached XP level 7. HP: 28/46 MP: 7/7
  6022 | D:4      | Killed from afar by an orc priest

Vault maps used:
D:1:      saegor_arrival_fortress
D:2:      lemuel_coloured_pillars_altar
D:3:      lemuel_crystal_altar, lemuel_round_altar, minmay_cupped, uniq_terence
D:4:      old_standard_altar, lemuel_round_altar, minmay_item_behind_shaft

Skill      XL: |  1  2  3  4  5  6 |
---------------+-------------------+-----
Fighting       | 2 3 |  3.5
Short Blades   | 1 2 3 4 |  4.0
Slings         | 6 7 |  7.4
Stealth        | 2 3 |  3.5
Dodging        | |  2.1

Action                   |  1- 3 |  4- 6 |  7- 9 || total
-------------------------+-------+-------+-------++-------
Melee: Short sword       |   153 |   309 |       ||   462
 Fire: Hunting sling     |    14 |    27 |       ||    41
       Blowgun           |       |    27 |       ||    27
  Use: Potion            |       |     2 |       ||     2
 Stab: Sleeping          |       |     3 |       ||     3
       Distracted        |       |     2 |       ||     2
  Eat: Chunk             |     4 |    12 |       ||    16
Armor: Leather armour    |    42 |    38 |       ||    80
       Skin              |       |     1 |       ||     1
Dodge: Dodged            |   139 |   216 |       ||   355
